 Dungeon Crawl Stone Soup version 0.29-a0-495-g17b79114eb (webtiles) character file.

Game seed: 17902325138354313847

30 greenreed the Ducker (level 3, -1/28 HPs)
             Began as a Djinni Gladiator on May 27, 2022.
             Slain by a bullfrog (5 damage)
             ... on level 8 of the Dungeon.
             The game lasted 00:01:57 (760 turns).

greenreed the Ducker (Djinni Gladiator)              Turns: 760, Time: 00:01:58

Health: -1/28      AC:  4    Str: 15    XL:     3   Next: 37%
Gold:   84         EV: 12    Int:  9    God:
                   SH:  0    Dex: 14

rFire   + + .      SeeInvis .   a - +0 war axe
rCold   x . .      Faith    .   (no shield)
rNeg    . . .      Spirit   .   b - +0 leather armour
rPois   ∞          Reflect  .   c - +0 helmet
rElec   .          Harm     .   (no cloak)
rCorr   .          Rampage  .   (no gloves)
Will    .....                   (boots unavailable)
Stlth   +.........              h - amulet of the acrobat
HPRegen 0.09/turn               (no ring)
MPRegen 0.00/turn               (no ring)

@: flying
A: sickness immunity, fire resistance 2, cold vulnerability 1, float, innate
caster, HP casting, extra vitality 1
a: no special abilities


You were on level 8 of the Dungeon.
You visited 1 branch of the dungeon, and saw 7 of its levels.

You collected 84 gold pieces.

Inventory:

Hand Weapons
 a - a +0 war axe (weapon)
Missiles
 d - 3 throwing nets (quivered)
 e - a javelin
Armour
 b - a +0 leather armour (worn)
 c - a +0 helmet (worn)
Jewellery
 h - an amulet of the acrobat (around neck)
Scrolls
 f - a scroll of identify {unknown}
 g - 2 scrolls of enchant armour {unknown}
 j - a scroll of amnesia {unknown}
 k - a scroll of torment {unknown}
Potions
 i - a potion of lignification {unknown}


   Skills:
 + Level 2.2 Fighting
 + Level 3.1 Axes
 + Level 1.6 Throwing
 + Level 3.6 Dodging


You had one spell level left.
You knew the following spells:

 Your Spells              Type           Power      Damage    Failure   Level
a - Sandblast             Erth           0%         2d4       45%         1
Your spell library was empty.

Dungeon Overview and Level Annotations

Branches:
Dungeon (8/15)
 Temple: D:4-7         Lair: D:8-11

Altars:

Shops:
D:8 =


Innate Abilities, Weirdness & Mutations

You are immune to sickness and miasma.
You are immune to poison.
Your flesh is very heat resistant. (rF++)
You are vulnerable to cold. (rC-)
You float through the air rather than walking.
You learn spells naturally, not from books.
Your magical power is your life essence.
You have superior vitality. (+4 MHP)


Message History

The orc wizard shouts!
You hear a shout! x2
The orc wizard points at you and mumbles some strange words.
You are confused.
You are too confused!
An orc priest comes into view. It is wielding a +0 hand axe.
You bump into the stone wall.
An orc comes into view. It is wielding a +0 short sword.
The orc wizard barely misses you. The orc wizard casts a spell at you.
You resist with some effort. The orc priest completely misses you.
There is an entrance to Tuorulit's Jewellery Boutique here.
A white imp comes into view.
The white imp shouts, "Slither hence, thou euchred folly-fallen socdollager!"
The orc priest barely misses you. The orc wizard completely misses you.
The orc attacks as you move away! The orc completely misses you.
The orc priest barely misses you. The orc wizard completely misses you.
There is an entrance to Tuorulit's Jewellery Boutique here.
You're too confused to move!
The orc closely misses you. The orc wizard misses you.
The orc priest hits you but does no damage.
You feel less confused.
The orc priest mumbles some strange prayers to Beogh against you.
Pain shoots through your body!
The orc wizard attacks as you move away!
The orc wizard barely misses you. The orc attacks as you move away!
The orc completely misses you.
The orc wizard points at you and mumbles some strange words.
The magic dart hits you!
The orc wizard attacks as you move away!
The orc wizard hits you with a +0 dagger.
The white imp disappears for a moment.
The orc wizard gestures at you while chanting.
The magic dart hits you!
* * * LOW HITPOINT WARNING * * *
A bullfrog comes into view.
The bullfrog gives a loud, deep croak!
The bullfrog completely misses you.
You barely miss the bullfrog. The bullfrog barely misses you.
The bullfrog hits you.
You die...

#.......# #####
#.∩.#...#
#...####5......#
#.#....oo#######
#...###### ##.##
####.####
#.......############
#.##.##o.5o.o.@F...#
#
#.##.##########....
#....# # #.#####.#
#...<...# #########


You could see a bullfrog, an orc priest, an orc wizard, a white imp and an orc.

Vanquished Creatures
  An adder (D:2)
  A dart slug (D:1)
  4 ball pythons (D:2)
  An endoplasm (D:1)
  A giant cockroach (D:1)
  2 goblins
  A hobgoblin (D:2)
  2 quokkas
  A frilled lizard (D:1)
  3 kobolds (D:1)
  2 rats (D:2)
19 creatures vanquished.

Notes
Turn   | Place    | Note
-------+----------+-------------------------------------------
     0 | D:1      | greenreed the Djinni Gladiator began the quest for the Orb.
     0 | D:1      | Reached XP level 1. HP: 18/18 MP: 0/0
   113 | D:1      | Reached XP level 2. HP: 22/23 MP: 0/0
   289 | D:2      | Reached XP level 3. HP: 16/28 MP: 0/0
   289 | D:2      | Learned a level 1 spell: Sandblast
   694 | D:5      | Entered Level 5 of the Dungeon
   698 | D:5      | You are sucked into a shaft and drop 2 floors!
   699 | D:7      | Noticed a centaur
   711 | D:7      | Noticed an orc warrior
   733 | D:8      | Found Tuorulit's Jewellery Boutique.
   757 | D:8      | Noticed a bullfrog
   760 | D:8      | Slain by a bullfrog

Illustrated notes

Levels and vault maps discovered:
D:1:      dpeg_arrival_rooms_with_view, layout_rooms,
          dreamdust_ecumenical_altar_angels_and_demons,
          minmay_stone_trees_small, dreamdust_princess_bridge, st_stairs_10
D:2:      layout_rooms, serial_shops, nicolae_shop_statue_plus
D:3:      layout_basic
D:4:      layout_basic, dreamdust_gnoll_farm, uniq_ijyb, uniq_eustachio
D:5:      layout_basic, tgw_xom, dk_yredelemnul_ordeal, grunt_decor_fettered
D:7:      layout_rooms
D:8:      layout_loops_cross, nemelex_diamond_rough_becter, serial_shops,
          nicolae_shop_stone, nicolae_two_hexagons, uniq_grum, uniq_maurice,
          uniq_prince_ribbit1

Skill      XL: |  1  2 |
---------------+-------+-----
Axes           | 3 |  3.1
Fighting       | |  2.2
Throwing       | |  1.6
Dodging        | |  3.6

Action                   || total
-------------------------++-------
Melee: War axe           ||    54
Armor: Leather armour    ||    23
Dodge: Dodged            ||    68

Table legend: (Time is in decaauts)
 A = Elapsed time spent in this place.
 B = Non-inter-level travel time spent in this place.
 C = Inter-level travel time spent in this place.
 D = Time resting spent in this place.
 E = Time spent auto-exploring this place.
 F = Levels seen in this place.
 G = Mean time per level.
                   A        B        C        D        E       F      G
               +--------+--------+--------+--------+--------+-----+--------+
         Total |    778 |    752 |     26 |      0 |    548 |   7 |  111.1 |
       Dungeon |    778 |    752 |     26 |      0 |    548 |   7 |  111.1 |
               +--------+--------+--------+--------+--------+-----+--------+

Top non-repeatable levels by time:
     D:2: 348 daAuts
     D:1: 259 daAuts
     D:3: 101 daAuts
     D:8: 46 daAuts
     D:7: 14 daAuts
     D:4: 4 daAuts
     D:5: 3 daAuts
